 Dungeon Crawl Stone Soup version 0.30-a0-222-ge547ba4400 (webtiles) character file.

Game seed: 1879831517478127760

40 Aibolit the Trooper (level 3, -3/33 HPs)
             Began as a Hill Orc Fighter on Oct 8, 2022.
             Was a Follower of Zin.
             Slain by Sigmund
             ... wielding a +0 scythe
              (9 damage)
             ... on level 2 of the Dungeon.
             The game lasted 00:01:45 (829 turns).

Aibolit the Trooper (Hill Orc Fighter)               Turns: 829, Time: 00:01:45

Health: -3/33      AC:  9    Str: 20    XL:     3   Next: 50%
Magic:  12/12      EV:  3    Int:  8    God:    Zin [*.....]
Gold:   25         SH: 12    Dex: 10    Spells: 2/2 levels left

rFire   . . .      SeeInvis .    a - +0 war axe
rCold   . . .      Faith    .    j - +0 tower shield
rNeg    . . .      Spirit   .    e - +0 chain mail
rPois   .          Reflect  .    (no helmet)
rElec   .          Harm     .    (no cloak)
rCorr   .          Rampage  .    (no gloves)
Will    .....                    (no boots)
Stlth   ..........               (no amulet)
HPRegen 0.25/turn                f - ring of magical power
MPRegen 0.13/turn                (no ring)

@: lethally poisoned (-3 -> -5)
A: no striking features
a: Renounce Religion, Recite, Donate Gold


You were on level 2 of the Dungeon.
You worshipped Zin.
Zin was aware of your devotion.
You visited 1 branch of the dungeon, and saw 2 of its levels.

You collected 27 gold pieces.
You donated 2 gold pieces to Zin.

Inventory:

Hand Weapons
 a - a +0 war axe (weapon)
Armour
 e - a +0 chain mail (worn)
 j - a +0 tower shield (worn)
Jewellery
 f - a ring of magical power (left hand)
Scrolls
 g - a scroll of amnesia {unknown}
 i - a scroll of identify {unknown}
Potions
 b - 2 potions of haste {unknown}
 d - a potion of might
 h - a potion of heal wounds {unknown}


   Skills:
 + Level 4.1 Fighting
 + Level 3.1 Axes
 + Level 4.0 Armour
 + Level 3.6 Shields


You had 2 spell levels left.
You didn't know any spells.
Your spell library was empty.

Dungeon Overview and Level Annotations

Branches:
Dungeon (2/15)

Altars:
Zin

Shops:
D:2 [

Annotations:
D:2 Sigmund


Message History

There are monsters nearby!
You are too confused!
You hit the ball python.
You kill the ball python!
You completely miss the frilled lizard.
The frilled lizard bites you but does no damage. x2
Your Armour skill increases to level 4!
The giant cockroach waves its antennae.
The giant cockroach bites you but does no damage.
You closely miss the giant cockroach. You miss the frilled lizard.
The giant cockroach barely misses you. The frilled lizard bites you.
The giant cockroach completely misses you.
The frilled lizard bites you but does no damage.
A rat comes into view.
You slash the frilled lizard!
You kill the frilled lizard!
You hit the giant cockroach.
You kill the giant cockroach!
You barely miss the adder.
You feel less confused. You block the adder's attack.
A puff of flame appears from out of thin air!
The puff of flame hits you. You block the adder's attack.
You hit the adder.
The adder is moderately wounded.
The adder bites you but does no damage. x2
You hit the adder but do no damage.
The adder is lightly wounded.
You hit the goblin.
You kill the goblin!
The adder bites you but does no damage. The adder bites you.
You are poisoned.
The adder poisons you! Something hits you.
* * * LOW HITPOINT WARNING * * *
The adder bites you.
* * * LOW HITPOINT WARNING * * *
You closely miss the adder.
The adder is lightly wounded.
You feel sick. You block the adder's attack. Something hits you!
You die...

####♣# .###.<..#
........♣∩♣###
.............##
...##..##♣.#..##
..
##..#.#.....#####
#
........###......
.........###......
.##.##....@)......
# ##..S)#r.#^..
#.#........
#.......S....
..............
...#..$#.......
#...###.#.......
##. #........


You could see an adder and a rat.

Vanquished Creatures
  An adder (D:2)
  A worm (D:2)
  A dart slug (D:1)
  3 ball pythons
  A bat (D:1)
  2 endoplasms (D:1)
  A giant cockroach (D:2)
  4 goblins
  A hobgoblin (D:1)
  2 jackals (D:1)
  2 kobolds (D:1)
  A frilled lizard (D:2)
  3 rats (D:1)
23 creatures vanquished.

Notes
Turn   | Place    | Note
-------+----------+-------------------------------------------
     0 | D:1      | Aibolit the Hill Orc Fighter began the quest for the Orb.
     0 | D:1      | Reached XP level 1. HP: 19/19 MP: 1/1
    45 | D:1      | Reached XP level 2. HP: 24/27 MP: 2/2
   339 | D:1      | Found a faded altar of an unknown god.
   577 | D:1      | Prayed at the altar of an unknown god.
   577 | D:1      | Became a worshipper of Zin the Law-Giver
   577 | D:1      | Reached * piety under Zin
   808 | D:2      | Found Wuinkay's Armour Emporium.
   819 | D:2      | Reached XP level 3. HP: 20/33 MP: 3/3
   820 | D:2      | Noticed Sigmund
   829 | D:2      | Slain by Sigmund

Illustrated notes

Levels and vault maps discovered:
D:1:      giann_horns, layout_basic, hellmonk_ecumenical_altar_run_dry
D:2:      layout_rooms, serial_shops, nicolae_shop_trees, uniq_sigmund

Skill      XL: |  1  2  3 |
---------------+----------+-----
Axes           | 3 |  3.1
Fighting       | 4 |  4.1
Armour         | 4 |  4.0
Shields        | |  3.6

Action                   || total
-------------------------++-------
Melee: War axe           ||    51
Armor: Scale mail        ||    10
       Chain mail        ||    22
Dodge: Dodged            ||    19
Block: Buckler           ||    10
       Tower shield      ||     3

Table legend: (Time is in decaauts)
 A = Elapsed time spent in this place.
 B = Non-inter-level travel time spent in this place.
 C = Inter-level travel time spent in this place.
 D = Time resting spent in this place.
 E = Time spent auto-exploring this place.
 F = Levels seen in this place.
 G = Mean time per level.
                   A        B        C        D        E       F      G
               +--------+--------+--------+--------+--------+-----+--------+
         Total |    851 |    716 |    135 |      0 |    566 |   2 |  425.5 |
       Dungeon |    851 |    716 |    135 |      0 |    566 |   2 |  425.5 |
               +--------+--------+--------+--------+--------+-----+--------+

Top non-repeatable levels by time:
     D:1: 823 daAuts
     D:2: 28 daAuts
